 Dungeon Sprint DCSS version 0.18.1-50-g88ac8fd (webtiles) character file.

149 Kagutsuchi the Skirmisher (level 5, 0/52 HPs)
             Began as a Draconian Berserker on Oct 21, 2016.
             Was a Believer of Trog.
             Slain by a siren
             ... wielding a +0 trident
              (14 damage)
             ... in the Dungeon (Sprint II: "The Violet Keep of Menkaure").
             The game lasted 00:00:55 (87 turns).

Kagutsuchi the Skirmisher (Draconian Berserker)       Turns: 87, Time: 00:00:55

Health: 0/52       AC:  5    Str: 19    XL:     5   Next: 9%
Magic:  5/5        EV: 15    Int:  7    God:    Trog [**....]
Gold:   243        SH:  0    Dex: 12    Spells: 0 memorised, 4 levels left

rFire  . . .     SeeInvis .     a - +0 falchion
rCold  . . .     Gourm    .     (armour unavailable)
rNeg   . . .     Faith    .     (no shield)
rPois  .         Spirit   .     (helmet restricted)
rElec  .         Dismiss  .     (no cloak)
rCorr  .         Reflect  .     (no gloves)
SustAt .         Harm     .     (no boots)
MR     .....     NoTele   +     (no amulet)
Stlth  +.........               (no ring)
                                (no ring)

@: mesmerised, not resistant to hostile enchantments, very unstealthy
A: unfitting armour, cold-blooded, AC +5
a: Berserk, Trog's Hand, Burn Spellbooks, Renounce Religion


You were in the Dungeon.
You worshipped Trog.
Trog was pleased with you.
You were not hungry.

You visited 1 branch You collected 243 gold pieces.

Inventory:

Hand Weapons
 a - a +0 falchion (weapon)
Scrolls
 h - a scroll of blinking
Potions
 e - a potion of haste
 f - 2 potions of magic
 g - a potion of berserk rage
Comestibles
 b - a bread ration


   Skills:
 + Level 7.1 Fighting
 + Level 6.5 Long Blades
 + Level 6.2 Dodging


You had 4 spell levels left.
You didn't know any spells.

Dungeon Overview and Level Annotations

Branches:
Dungeon (1/1)

Altars:


Innate Abilities, Weirdness & Mutations

Your plain brown scales are hard (AC +5).
Your body does not fit into most forms of armour.
You are cold-blooded and may be slowed by cold attacks.


Message History

The siren is almost dead.
The siren chants its luring song.
You hit the siren but do no damage. You tail-slap the siren.
The siren is almost dead.
The siren chants its luring song.
You barely miss the siren.
Your tail-slap misses the siren.
The siren is almost dead.
The siren misses you.
You closely miss the siren.
The siren is almost dead.
The siren chants its luring song.
You hit the siren but do no damage.
The siren is almost dead.
You hit the siren but do no damage.
The siren is almost dead.
The siren chants its luring song.
You barely miss the siren.
The siren is almost dead.
The siren hits you with a trident!
You die...

##. $## ## .B B.
.# .#. ### .##
#+# #.##..#
##.###..#..#
+.<.†.##†..#
##.###..#....#
##'###.##.....§≈
#.$@#### ≈..§.§≈
#..#m.# ≈≈≈§..≈
##...## ≈§≈≈≈.≈
##+## §§≈≈≈≈§
≈≈§≈≈≈≈


You could see a siren.

Vanquished Creatures
  A crocodile (D)
  4 worker ants (D)
5 creatures vanquished.

Notes
Turn   | Place    | Note
--------------------------------------------------------------
     0 | D        | Kagutsuchi the Draconian Berserker began the quest for the Orb.
     0 | D        | Reached XP level 1. HP: 19/19 MP: 1/1
     1 | D        | Noticed a worker ant
     1 | D        | Noticed a worker ant
     2 | D        | Noticed a worker ant
     2 | D        | Noticed a worker ant
     4 | D        | Killed a worker ant
     4 | D        | Reached skill level 4 in Fighting
     4 | D        | Reached XP level 2. HP: 28/28 MP: 2/2
     9 | D        | Reached ** piety under Trog
     9 | D        | Reached skill level 5 in Fighting
     9 | D        | Reached XP level 3. HP: 36/36 MP: 3/3
    12 | D        | Reached skill level 5 in Long Blades
    12 | D        | Reached skill level 5 in Dodging
    12 | D        | Reached XP level 4. HP: 44/44 MP: 4/4
    14 | D        | Reached skill level 6 in Fighting
    21 | D        | Noticed a crocodile
    28 | D        | Killed a crocodile
    28 | D        | Reached skill level 7 in Fighting
    28 | D        | Reached XP level 5. HP: 32/52 MP: 5/5
    38 | D        | Noticed a boulder beetle
    38 | D        | Noticed a boulder beetle
    42 | D        | Noticed a siren
    87 | D        | Slain by a siren

Skill      XL: |  1  2  3  4 |
---------------+-------------+-----
Fighting       | 4 5 7 |  7.1
Long Blades    | 4 5 6 |  6.5
Dodging        | 4 5 6 |  6.2

Action                   |  1- 3 |  4- 6 || total
-------------------------+-------+-------++-------
Melee: Falchion          |    10 |    50 ||    60
       Tailslap          |     2 |     9 ||    11
Invok: Berserk           |     1 |       ||     1
  Use: Potion            |       |     2 ||     2
Armor: Skin              |       |     3 ||     3
Dodge: Dodged            |     4 |     8 ||    12
